 Dungeon Crawl Stone Soup version 0.29-a0-789-g7a8fcbc185 (webtiles) character file.

Game seed: 1796485063251784397

4482 Zdeegee the Geomancer (level 10, -1/80 HPs)
             Began as a Green Draconian Earth Elementalist on July 3, 2022.
             Was an Initiate of Vehumet.
             Killed from afar by a deep elf pyromancer (20 damage)
             ... with a bolt of fire
             ... on level 6 of the Dungeon.
             The game lasted 00:22:18 (10291 turns).

Zdeegee the Geomancer (DrEE)                       Turns: 10291, Time: 00:22:19

Health: -1/80      AC: 10    Str: 11    XL:     10   Next: 16%
Magic:  11/22      EV: 13    Int: 29    God:    Vehumet [......]
Gold:   164        SH:  0    Dex: 14    Spells: 9/25 levels left

rFire   . . .      SeeInvis .   q - +9 spear of Fixation {flame, *Rage Int+10 Dex+2 Stlth-}
rCold   . . .      Faith    .   (no shield)
rNeg    . . .      Spirit   .   (body armour unavailable)
rPois   +          Reflect  .   (helmet restricted)
rElec   .          Harm     .   o - +1 cloak
rCorr   .          Rampage  .   v - +0 pair of gloves
Will    .....      Rage     20% (no boots)
Stlth   +.........              (no amulet)
HPRegen 0.23/turn               (no ring)
MPRegen 0.18/turn               (no ring)

@: no status effects
A: breathe noxious fumes, AC +7, unfitting armour, poison resistance,
cold-blooded
a: Breathe Noxious Fumes, Renounce Religion


You were on level 6 of the Dungeon.
You worshipped Vehumet.
Vehumet was noncommittal.
You visited 2 branches of the dungeon, and saw 9 of its levels.

You collected 343 gold pieces.
You spent 179 gold pieces at shops.

Inventory:

Hand Weapons
 b - a +0 short sword
 g - a +3 whip of freezing
 k - a +2 mace of draining
 q - the +9 spear of Fixation (weapon) {flame, *Rage Int+10 Dex+2 Stlth-}
   (You found it on level 4 of the Dungeon)

   It burns those it strikes, dealing additional fire damage.
   Int:       It affects your intelligence (+10).
   Dex:       It affects your dexterity (+2).
   *Rage:     It berserks you when you make melee attacks (+20% chance).
   Stlth:     It makes you less stealthy.
Missiles
 c - 71 stones
 m - 14 poisoned darts
 p - 6 silver boomerangs
Armour
 o - a +1 cloak (worn)
 v - a +0 pair of gloves (worn)
Magical Staves
 x - a staff of conjuration
Wands
 n - a wand of roots (9)
 w - a wand of flame (25)
Scrolls
 d - 2 scrolls of magic mapping {unknown}
 e - 4 scrolls of amnesia
 l - 3 scrolls of enchant armour
 t - a scroll of enchant weapon
 y - a scroll of fear {unknown}
 B - a scroll of immolation {unknown}
 C - a scroll of poison
Potions
 a - a potion of magic
 f - 2 potions of haste
 h - a potion of ambrosia {unknown}
 i - 3 potions of curing
 j - a potion of cancellation {unknown}
 r - 3 potions of attraction
 s - 2 potions of heal wounds
 u - 4 potions of lignification
 z - a potion of might {unknown}
 A - a potion of brilliance


   Skills:
 * Level 4.7 Fighting
 + Level 1.4 Maces & Flails
 + Level 1.1 Polearms
 * Level 4.3 Dodging
 + Level 2.3 Stealth
 * Level 8.0 Spellcasting
 * Level 3.2 Conjurations
 + Level 1.1 Transmutations
 * Level 4.0 Air Magic
 * Level 8.1 Earth Magic
 * Level 3.3 Evocations


You had 9 spell levels left.
You knew the following spells:

 Your Spells              Type           Power      Damage    Failure   Level
a - Sandblast             Erth           100%       2d20      1%          1
b - Stone Arrow           Conj/Erth      88%        3d12      1%          3
c - Static Discharge      Conj/Air       32%        3-7/arc   1%          2
d - Petrify               Tmut/Erth      38%        N/A       7%          4
e - Passwall              Tmut/Erth      31%        N/A       1%          2
f - Sticky Flame          Conj/Fire      21%        2d4       24%         4

Your spell library contained the following spells:

 Spells                   Type           Power      Damage    Failure   Level
 Poisonous Vapours        Pois/Air       46%        N/A       3%          2
 Ensorcelled Hibernation  Hex/Ice        22%        N/A       7%          2
 Spider Form              Tmut/Pois      15%        N/A       11%         3
 Confusing Touch          Hex            11%        N/A       14%         3
 Summon Guardian Golem    Hex/Summ       11%        N/A       14%         3
 Corpse Rot               Necr/Pois/Air  19%        N/A       26%         4
 Anguish                  Hex/Necr       5%         N/A       41%         4
 Dispel Undead            Necr           11%        3d9       41%         4
 Yara's Violent Unravell  Hex/Tmut       7%         3d5       69%         5
 Enfeeble                 Hex            5%         N/A       100%        7
 Orb of Destruction       Conj           15%        9d7       100%        7
 Spellforged Servitor     Conj/Summ      10%        N/A       100%        7


Dungeon Overview and Level Annotations

Branches:
Dungeon (8/15)             Temple (1/1) D:7
   Lair: D:8-11

Altars:
Ashenzari
Cheibriados
Dithmenos
Elyvilon
Fedhas
Gozag
Hepliaklqana
Kikubaaqudgha
Makhleb
Nemelex Xobeh
Okawaru
Ru
Sif Muna
Trog
Vehumet
Wu Jian
Xom
Yredelemnul
Zin
The Shining One

Shops:
D:1 !   D:5 (*!

Annotations:
D:5 2 runed translucent doors, dolemite99's ghost, amateur DsFi
D:6 1 runed translucent door, zhov's ghost, novice DrCj
D:7 2 transporters


Innate Abilities, Weirdness & Mutations

You can breathe blasts of noxious fumes.
Your lurid green scales are hard. (AC +7)
You cannot fit into any form of body armour.
Your system is resistant to poisons. (rPois)
You are cold-blooded and may be slowed by cold attacks.


Message History

Aiming: Stone Arrow (safe; 1% risk of failure)
Press: ? - help, Shift-Dir - straight line, f - deep elf pyromancer
Aim: a deep elf pyromancer, wielding a +0 long sword and wearing a +0 chain mail (73% to hit)
The stone arrow misses the deep elf pyromancer.
Unknown command.
Casting: Stone Arrow (safe; 1% risk of failure)
Confirm with . or Enter, or press ? or * to list all spells.
Aiming: Stone Arrow (safe; 1% risk of failure)
Press: ? - help, Shift-Dir - straight line, f/p - deep elf pyromancer
Aim: a deep elf pyromancer, wielding a +0 long sword and wearing a +0 chain mail (73% to hit)
The stone arrow misses the deep elf pyromancer.
Unknown command.
Casting: Stone Arrow (safe; 1% risk of failure)
Confirm with . or Enter, or press ? or * to list all spells.
Aiming: Stone Arrow (safe; 1% risk of failure)
Press: ? - help, Shift-Dir - straight line, f/p - deep elf pyromancer
Aim: a deep elf pyromancer, wielding a +0 long sword and wearing a +0 chain mail (73% to hit)
The stone arrow misses the deep elf pyromancer.
The deep elf pyromancer gestures at you while chanting.
The sticky flame hits you.
You are covered in liquid flames!
Casting: Stone Arrow (safe; 1% risk of failure)
Confirm with . or Enter, or press ? or * to list all spells.
Aiming: Stone Arrow (safe; 1% risk of failure)
Press: ? - help, Shift-Dir - straight line, f/p - deep elf pyromancer
Aim: a deep elf pyromancer, wielding a +0 long sword and wearing a +0 chain mail (73% to hit)
The stone arrow misses the deep elf pyromancer.
You are covered in liquid flames!
* * * LOW HITPOINT WARNING * * *
The deep elf pyromancer hits you but does no damage.
You feel much better.
You are covered in liquid flames!
The deep elf pyromancer hits you but does no damage.
The yak gores you!
* * * LOW HITPOINT WARNING * * *
You are covered in liquid flames!
* * * LOW HITPOINT WARNING * * *
The deep elf pyromancer casts a spell at you.
The bolt of fire hits you!!
You die...

#.#####.#.# #.# #.####.######
#.# #.#.# #.# #.# #.# #.#
#.#.###.# #.# #.# #.# #.#.#>..#
#.# #.# #.# #.#.#.### #.# #.#
#.# #.#.#.# #.# #.#
#.#####.#.#.#####.####.#
..............Y>e...##.########
#.#.###.#.#.....@^?...........##
..#.# #.#.#..#....#.##.#####..<#
..#.# #.#.#.......#.#......#..##
..#.# #.#.##.#.##.#.#..###.#..#
..#.###.#..#.#..#.#.#....#.#..#
........##.#.#..#.#.#....#.#..#
..#.######.#.#.##.#.#....#.#..#
..#.# #.#.#....#.#...<..#..#
..#.# #.#.######.########..##


You could see a deep elf pyromancer and a yak.

Vanquished Creatures
  Pikel (D:7)
  Psyche (D:8)
  A komodo dragon (D:7)
  Grinder (D:5)
  A steam dragon (D:8)
  3 yaks
  A water moccasin (D:8)
  An orc warrior (D:7)
  An ice beast (D:7)
  An ogre (D:5)
  4 centaurs
  4 lemures (D:7)
  2 scorpions (D:4)
  2 bullfrogs (D:6)
  A water moccasin zombie (D:5)
  3 wights (D:7)
  7 killer bees
  5 howler monkeys
  3 hounds
  A jelly (D:8)
  A bouda (D:7)
  9 orc priests
  2 iguanas
  11 orc wizards
  A scorpion zombie (D:5)
  Terence (D:2)
  Robin (D:3)
  7 gnolls
  7 adders
  A shadow imp (D:6)
  A white imp (D:7)
  An ufetubus (D:5)
  A worm (D:2)
  2 dart slugs
  32 orcs
  7 bats
  12 endoplasms
  12 giant cockroaches
  8 goblins
  10 hobgoblins
  4 jackals (D:1)
  2 quokkas
  2 ball pythons
  5 frilled lizards
  7 kobolds
  7 rats
198 creatures vanquished.

Vanquished Creatures (others)
  A human (D:5)
  3 bushes (D:8)
4 creatures vanquished.

Grand Total: 202 creatures vanquished

Notes
Turn   | Place    | Note
-------+----------+-------------------------------------------
     0 | D:1      | Zdeegee the Draconian Earth Elementalist began the quest
                  | for the Orb.
     0 | D:1      | Reached XP level 1. HP: 14/14 MP: 3/3
     1 | D:1      | Found a runed translucent door.
   231 | D:1      | Reached XP level 2. HP: 22/22 MP: 3/5
   450 | D:1      | Found Irghakhli's Distillery.
   520 | D:1      | Reached skill level 1 in Fighting
   919 | D:1      | Reached XP level 3. HP: 24/28 MP: 3/6
  1230 | D:2      | Learned a level 3 spell: Stone Arrow
  1327 | D:2      | Reached skill level 1 in Maces & Flails
  1369 | D:2      | Reached XP level 4. HP: 36/36 MP: 5/7
  1546 | D:2      | Found a faded altar of an unknown god.
  1963 | D:3      | Found a sacrificial altar of Ru.
  2147 | D:3      | Noticed Terence
  2148 | D:3      | Noticed Robin
  2411 | D:2      | Killed Terence
  2412 | D:2      | Reached XP level 5. HP: 15/37 MP: 6/9
  2602 | D:3      | Killed Robin
  3750 | D:3      | Reached XP level 6. HP: 50/50 MP: 4/11
  3987 | D:4      | Learned a level 2 spell: Static Discharge
  3993 | D:4      | Identified the +9 spear of Fixation {flame, *Rage Int+10
                  | Dex+2 Stlth-}
  4417 | D:4      | Reached skill level 1 in Conjurations
  4419 | D:4      | Reached skill level 1 in Air Magic
  4748 | D:4      | Found a glowing silver altar of Zin.
  4748 | D:4      | Found a glowing golden altar of the Shining One.
  4748 | D:4      | Found a white marble altar of Elyvilon.
  4807 | D:5      | Entered Level 5 of the Dungeon
  4807 | D:5      | Found Qupreru's General Store.
  4807 | D:5      | Found Zusom's Antique Weapon Shop.
  4810 | D:5      | Reached skill level 1 in Evocations
  4810 | D:5      | Your scales start taking on a lurid green colour.
  4810 | D:5      | Reached XP level 7. HP: 56/56 MP: 6/13
  4810 | D:5      | Gained mutation: Your system is resistant to poisons.
                  | (rPois) [Green Draconian growth]
  4914 | D:5      | Bought a potion of heal wounds for 75 gold pieces
  4941 | D:5      | Found a runed translucent door.
  4944 | D:5      | Noticed dolemite99's ghost (amateur DsFi)
  4961 | D:5      | Reached skill level 5 in Earth Magic
  5053 | D:5      | Learned a level 4 spell: Petrify
  5183 | D:5      | Found a burning altar of Makhleb.
  5218 | D:5      | Found a runed translucent door.
  5348 | D:5      | Noticed Grinder
  5356 | D:5      | Killed Grinder
  5357 | D:5      | Reached skill level 5 in Spellcasting
  5456 | D:5      | Reached XP level 8. HP: 63/63 MP: 12/15
  5586 | D:5      | Found a basalt altar of Yredelemnul.
  5606 | D:5      | Found Cocs's Distillery.
  5664 | D:5      | Bought a potion of lignification for 39 gold pieces
  5664 | D:5      | Bought a potion of heal wounds for 65 gold pieces
  5823 | D:5      | Found an ancient bone altar of Kikubaaqudgha.
  5943 | D:6      | Found a runed translucent door.
  6003 | D:6      | Noticed zhov's ghost (novice DrCj)
  6188 | D:6      | Learned a level 2 spell: Passwall
  7235 | D:7      | Found a transporter.
  7240 | D:7      | Found a transporter.
  7271 | D:7      | Reached XP level 9. HP: 71/71 MP: 10/18
  7392 | D:7      | Found a radiant altar of Vehumet.
  7675 | D:7      | Noticed Pikel
  7681 | D:7      | Noticed a komodo dragon
  8047 | D:7      | Noticed a troll
  8113 | D:7      | Killed a komodo dragon
  8335 | D:7      | Killed Pikel
  8656 | D:7      | Found a staircase to the Ecumenical Temple.
  8668 | Temple   | Entered the Ecumenical Temple
  8958 | D:7      | Became a worshipper of Vehumet
  9288 | D:8      | Found a blossoming altar of Fedhas.
  9298 | D:8      | Reached skill level 1 in Polearms
  9337 | D:8      | Noticed Psyche
  9342 | D:8      | Killed Psyche
  9346 | D:8      | Noticed a deep elf pyromancer
  9581 | D:8      | Learned a level 4 spell: Sticky Flame
  9618 | D:8      | Reached XP level 10. HP: 80/80 MP: 19/22
 10291 | D:6      | Killed from afar by a deep elf pyromancer

Illustrated notes

Levels and vault maps discovered:
D:1:      dpeg_arrival_caged_fury, layout_loops_ring, serial_shops,
          nicolae_shop_waterfront
D:2:      layout_rooms, shapermc_ecumenical_altar_totnotflames
D:3:      layout_basic, nicolae_ru_awakened_eye, uniq_robin, uniq_terence
D:4:      layout_loops_cross, good_gods_mini_temple, minmay_misc_feat_hallway
D:5:      layout_basic, lemuel_zombie_altar_yredelemnul,
          mainiacjoe_overflow_paths, tgw_kikubaaqudgha, serial_shops,
          nicolae_inconvenience_store, nicolae_shop_trees, shop,
          ebering_ghost_sewer_f, uniq_grinder
D:6:      minmay_chambers_of_fours, layout_basic, ebering_ghost_reflecting_pool
D:7:      gammafunk_beogh_shrine, layout_basic, fiery_altar_vehumet,
          minmay_temple_entry_nine_rooms, uniq_pikel
D:8:      layout_rooms, fedhas_bush_and_centaur_altar, serial_shops,
          nicolae_lakefront_shop, uniq_psyche
Temple:   grunt_temple_mini_profane

Skill      XL: |  1  2  3  4  5  6  7  8  9 10 |
---------------+-------------------------------+-----
Dodging        | 2 3 4 |  4.3
Fighting       | 1 2 3 4 |  4.7
Maces & Flails | 1 |  1.4
Earth Magic    | 4 5 6 7 8 |  8.1
Spellcasting   | 3 4 5 6 8 |  8.0
Conjurations   | 1 2 3 |  3.2
Air Magic      | 1 2 3 4 |  4.0
Evocations     | 1 2 3 |  3.3
Stealth        | 2 |  2.3
Polearms       | 1 |  1.1
Transmutations | |  1.1

Action                   |  1- 3 |  4- 6 |  7- 9 | 10-12 || total
-------------------------+-------+-------+-------+-------++-------
Melee: Short sword       |     3 |       |       |       ||     3
       Unarmed           |     1 |       |       |       ||     1
       Whip              |    37 |    17 |       |       ||    54
       Tailslap          |     4 |       |       |       ||     4
       Spear             |       |       |    17 |     3 ||    20
 Cast: Sandblast         |    43 |    76 |   127 |     9 ||   255
       Stone Arrow       |       |    18 |    29 |    12 ||    59
       Petrify           |       |       |     8 |     3 ||    11
       Sticky Flame      |       |       |       |     1 ||     1
 Abil: Breathe Noxious F |       |       |     1 |       ||     1
Evoke: Wand              |       |     2 |       |       ||     2
  Use: Scroll            |     1 |     7 |     3 |       ||    11
       Potion            |       |       |     1 |     2 ||     3
Armor: Skin              |    35 |    37 |    45 |    22 ||   139
Dodge: Dodged            |    80 |    79 |    71 |    25 ||   255

Table legend: (Time is in decaauts)
 A = Elapsed time spent in this place.
 B = Non-inter-level travel time spent in this place.
 C = Inter-level travel time spent in this place.
 D = Time resting spent in this place.
 E = Time spent auto-exploring this place.
 F = Levels seen in this place.
 G = Mean time per level.
                   A        B        C        D        E       F      G
               +--------+--------+--------+--------+--------+-----+--------+
         Total |  10619 |  10252 |    367 |   2290 |   6059 |   9 | 1179.9 |
       Dungeon |  10406 |  10076 |    330 |   2290 |   5887 |   8 | 1300.8 |
        Temple |    212 |    175 |     37 |      0 |    172 |   1 |  212.0 |
               +--------+--------+--------+--------+--------+-----+--------+

Top non-repeatable levels by time:
     D:7: 2446 daAuts
     D:2: 1677 daAuts
     D:6: 1506 daAuts
     D:3: 1234 daAuts
     D:5: 1169 daAuts
     D:1: 1096 daAuts
     D:4: 931 daAuts
     D:8: 345 daAuts
  Temple: 212 daAuts
